 Dungeon Crawl Stone Soup version 0.28.0-45-g0d030f2227 (webtiles) character file.

Game seed: 11988773648878164313

48 CryoSword the Gusty (level 3, -3/27 HPs)
             Began as a Demigod Air Elementalist on Apr 15, 2022.
             Slain by an adder (4 damage)
             ... on level 2 of the Dungeon.
             The game lasted 00:02:24 (1337 turns).

CryoSword the Gusty (Demigod Air Elementalist)      Turns: 1337, Time: 00:02:25

Health: -3/27      AC:  2    Str:  9    XL:     3   Next: 30%
Magic:  0/8        EV: 12    Int: 21    God:
Gold:   46         SH:  0    Dex: 14    Spells: 3/6 levels left

rFire   . . .      SeeInvis .   c - +0 short sword
rCold   . . .      Faith    .   (no shield)
rNeg    . . .      Spirit   .   a - +0 robe
rPois   .          Reflect  .   (no helmet)
rElec   .          Harm     .   (no cloak)
rCorr   .          Rampage  .   (no gloves)
Will    .....                   (no boots)
Stlth   ++........              (no amulet)
HPRegen 0.09/turn               (no ring)
MPRegen 0.11/turn               (no ring)

@: lethally poisoned (-3 -> -9)
A: high MP 1, forlorn, divine attributes
a: no special abilities


You were on level 2 of the Dungeon.
You visited 1 branch of the dungeon, and saw 2 of its levels.

You collected 46 gold pieces.

Inventory:

Hand Weapons
 c - a +0 short sword (weapon)
   (You took it off a kobold on level 1 of the Dungeon)
Armour
 a - a +0 robe (worn)
Scrolls
 d - a scroll of immolation {unknown}


   Skills:
 + Level 0.7 Fighting
 - Level 2.0 Dodging
 - Level 2.0 Stealth
 - Level 2.0 Spellcasting
 * Level 1.8 Conjurations
 * Level 3.2 Air Magic


You had 3 spell levels left.
You knew the following spells:

 Your Spells              Type           Power      Damage    Failure   Level
a - Shock                 Conj/Air       48%        1d6       5%          1
b - Static Discharge      Conj/Air       12%        N/A       8%          2

Your spell library contained the following spells:

 Spells                   Type           Power      Damage    Failure   Level
 Swiftness                Air            15%        N/A       12%         3
 Airstrike                Air            7%         N/A       36%         4


Dungeon Overview and Level Annotations

Branches:
Dungeon (2/15)


Innate Abilities, Weirdness & Mutations

You have an increased reservoir of magic. (+10% MP)
You shall have no god before yourself.
Your divine heritage dramatically boosts your attributes as you level up.


Message History

The gnoll is struck by an arc of lightning.
The lightning grounds out.
The gnoll closely misses you.
The gnoll is struck by an arc of lightning.
The lightning grounds out.
The gnoll hits you with a +0 whip.
You don't have enough magic to cast this spell.
Aim: a gnoll, wielding a +0 whip (severely wounded, 72% to hit)
The zap hits the gnoll.
The gnoll closely misses you.
You see here a +0 dagger.
Okay, then.
The gnoll is struck by an arc of lightning.
You kill the gnoll!
The lightning grounds out.
Training target 2.0 for Dodging reached!
Training target 2.0 for Spellcasting reached!
Your Dodging skill increases to level 2!
Your Spellcasting skill increases to level 2!
You have reached level 3!
Your experience leads to a dramatic increase in your attributes!
Increase (S)trength, (I)ntelligence, or (D)exterity?
You feel clever. x4
Things that are here:
a +0 whip; a gnoll corpse A bat comes into view.
A bat is nearby!
A bat is nearby!
A bat is nearby!
A bat is nearby!
Okay, then.
A bat is nearby!
A bat is nearby!
A bat is nearby!
Aim: a bat (52% to hit)
The zap hits the bat.
Aim: a bat (severely wounded, 52% to hit)
The zap misses the bat. x2; The bat hits you.
Aim: a bat (heavily wounded, 52% to hit)
The zap hits the bat.
You kill the bat!
There is a stone staircase leading down here.
You see here a +0 club.
Key pressed, stopping explore.
There is a stone staircase leading down here.
An endoplasm comes into view.
An endoplasm is nearby!
An endoplasm is nearby!
An endoplasm is nearby!
A rat comes into view.
The endoplasm is struck by an arc of lightning.
The endoplasm quivers.
The rat is struck by an arc of lightning.
You kill the rat!
The lightning grounds out.
The endoplasm hits you.
The endoplasm is struck by an arc of lightning.
You kill the endoplasm!
The lightning grounds out.
You see here a rat corpse.
You now have 46 gold pieces (gained 12).
Done exploring.
Done exploring.
Done exploring.
Done exploring.
There is an escape hatch in the floor here.
There is a stone staircase leading down here.
You climb downwards.
Found a scroll labelled ABBULA IBU UTUWK.
There is a stone staircase leading up here.
A rat is nearby!
A rat is nearby!
Aim: a rat (asleep, 100% to hit)
The zap hits the rat.
You kill the rat!
d - a scroll labelled ABBULA IBU UTUWK A frilled lizard comes into view.
The frilled lizard moves out of view.
A frilled lizard is nearby!
A frilled lizard is nearby!
A frilled lizard is nearby!
Found a stone staircase leading down.
A giant cockroach and an adder come into view.
Found 20 stones.
A ball python comes into view.
The ball python hisses angrily.
The giant cockroach misses you.
The ball python bites you but does no damage.
The ball python grabs you. The ball python constricts you.
You escape the ball python's grasp.
The adder hisses angrily.
The adder bites you.
The giant cockroach waves its antennae.
The giant cockroach misses you. The adder bites you.
You are poisoned.
The adder poisons you!
The ball python is struck by an arc of lightning.
You are struck by an arc of lightning.
The lightning grounds out.
You feel sick. The ball python completely misses you.
The ball python grabs you. The ball python constricts you.
The giant cockroach closely misses you. The adder bites you.
The giant cockroach is struck by an arc of lightning.
The ball python is struck by an arc of lightning.
You kill the ball python!
The lightning grounds out.
You feel sick. The adder bites you.
* * * LOW HITPOINT WARNING * * *
You are more poisoned.
The adder poisons you! The giant cockroach bites you.
* * * LOW HITPOINT WARNING * * *
Unknown command.
The giant cockroach is struck by an arc of lightning!
You kill the giant cockroach!
You are struck by an arc of lightning.
* * * LOW HITPOINT WARNING * * *
The lightning grounds out.
The adder is struck by an arc of lightning.
The lightning grounds out.
* * * LOW HITPOINT WARNING * * *
You feel sick. The adder bites you.
* * * LOW HITPOINT WARNING * * *
It was a potion of curing.
You feel better. The adder closely misses you. The adder misses you.
That beam is likely to hit you.
Continue anyway?
The zap hits the adder.
The zap misses the adder.
The zap misses you. The adder closely misses you.
The zap hits the adder.
The zap misses the adder.
The frilled lizard hisses angrily.
The adder closely misses you. The adder barely misses you. The adder bites you.
* * * LOW HITPOINT WARNING * * *
Aim: an adder (severely wounded, 48% to hit)
The zap misses the adder.
The adder closely misses you. The adder bites you.
* * * LOW HITPOINT WARNING * * *
You closely miss the adder. The adder closely misses you.
You hit the adder but do no damage. The adder closely misses you. x2
You closely miss the adder. The adder misses you.
You barely miss the adder. The adder barely misses you.
You closely miss the adder. The adder closely misses you.
The adder bites you but does no damage.
You hit the adder but do no damage. The adder barely misses you.
You hit the adder. The adder bites you.
* * * LOW HITPOINT WARNING * * *
You are lethally poisoned!
The adder poisons you! The adder bites you.
* * * LOW HITPOINT WARNING * * *
Aim: an adder (almost dead, 48% to hit)
The zap hits the adder.
The zap hits the frilled lizard.
You kill the frilled lizard!
* * * LOW HITPOINT WARNING * * *
You feel sick. The adder bites you.
You die...

#.# ..# #.### ....#
#.#.# #.#.###
#.#.†.# #####....##
##.@S......##.#
##..#####......#
#..## #...>###
######.## #l...#
#.......# #........
#.......# #....####
#.......######..(.#
#.<.....†..........
#.......######......


You could see an adder.

Vanquished Creatures
  A gnoll (D:1)
  3 bats (D:1)
  3 endoplasms
  3 giant cockroaches
  3 goblins (D:1)
  2 hobgoblins (D:1)
  3 kobolds (D:1)
  3 quokkas (D:1)
  7 ball pythons
  A frilled lizard (D:2)
  5 rats
34 creatures vanquished.

Notes
Turn   | Place    | Note
-------+----------+-------------------------------------------
     0 | D:1      | CryoSword the Demigod Air Elementalist began the quest for
                  | the Orb.
     0 | D:1      | Reached XP level 1. HP: 14/14 MP: 5/5
    67 | D:1      | Reached skill level 1 in Conjurations
   222 | D:1      | Reached XP level 2. HP: 20/20 MP: 0/7
   404 | D:1      | You fall into a shaft and drop 1 floor!
   413 | D:1      | Learned a level 2 spell: Static Discharge
   445 | D:1      | Reached skill level 3 in Air Magic
   912 | D:1      | Reached XP level 3. HP: 22/27 MP: 0/8
  1337 | D:2      | HP: 1/27 [poisoned by an adder]
  1337 | D:2      | Slain by an adder

Illustrated notes

Levels and vault maps discovered:
D:1:      lightli_arrival_flooded_house, layout_loops_ring
D:2:      layout_rooms, ebering_ecumenical_altar_hall, minmay_misc_feat_encased

Skill      XL: |  1  2 |
---------------+-------+-----
Conjurations   | 1 |  1.8
Stealth        | 2 |  2.0
Air Magic      | 3 |  3.2
Dodging        | 2 |  2.0
Spellcasting   | 2 |  2.0
Fighting       | |  0.7

Action                   || total
-------------------------++-------
Melee: Unarmed           ||     4
       Short sword       ||     9
 Cast: Shock             ||    36
       Static Discharge  ||    16
  Use: Scroll            ||     1
       Potion            ||     1
Armor: Robe              ||     6
Dodge: Dodged            ||    37
